 Dungeon Crawl Stone Soup version 0.19.5 (webtiles) character file.

1552 Mysteryquy the Cleaver (level 8, -1/73 HPs)
             Began as a Minotaur Berserker on May 14, 2017.
             Was a Priest of Trog.
             Succumbed to Duvessa's poison
             ... on level 5 of the Dungeon.
             The game lasted 00:09:11 (4492 turns).

Mysteryquy the Cleaver (Minotaur Berserker)         Turns: 4492, Time: 00:09:11

Health: -1/73      AC:  7    Str: 23    XL:     8   Next: 57%
Magic:  7/7        EV:  7    Int:  4    God:    Trog [***...]
Gold:   229        SH: 15    Dex: 11    Spells: 0 memorised, 7 levels left

rFire  . . .     SeeInvis .     a - +0 hand axe
rCold  . . .     Gourm    .     s - +0 scale mail
rNeg   . . .     Faith    .     t - +0 large shield
rPois  .         Spirit   .     (helmet restricted)
rElec  .         Reflect  .     (no cloak)
rCorr  .         Harm     .     l - +0 pair of gloves
MR     ++...                    (no boots)
Stlth  ..........               e - amulet of rage
                                (no ring)
                                (no ring)

@: lethally poisoned (-1 -> -6), exhausted, regenerating, slowed, very slow
A: retaliatory headbutt, horns 2
a: Berserk, Trog's Hand, Burn Spellbooks, Renounce Religion, Evoke Berserk Rage


You were on level 5 of the Dungeon.
You worshipped Trog.
Trog was most pleased with you.
You were not hungry.

You visited 2 branches of the dungeon, and saw 6 of its levels.

You collected 229 gold pieces.

Inventory:

Hand Weapons
 a - a +0 hand axe (weapon)
Armour
 b - a +0 animal skin
 l - a +0 pair of gloves (worn)
 s - a +0 scale mail (worn)
 t - a +0 large shield (worn)
Rods
 z - a +0 iron rod (9/9)
   (You found it on level 5 of the Dungeon)
Jewellery
 e - an amulet of rage (around neck)
 o - an uncursed amulet of the gourmand {unknown}
 p - an uncursed ring of protection from fire {unknown}
 x - an uncursed ring of stealth {unknown}
Wands
 y - a wand of flame (18/48)
Scrolls
 d - 7 scrolls of remove curse {unknown}
 f - 2 scrolls of random uselessness {unknown}
 h - 2 scrolls of teleportation {unknown}
 i - 2 scrolls of magic mapping {unknown}
 j - 4 scrolls of identify {unknown}
 q - 2 scrolls of enchant weapon {unknown}
 w - a scroll of amnesia {unknown}
Potions
 g - 2 potions of flight {unknown}
 k - a potion of degeneration {unknown}
 n - 3 potions of lignification {unknown}
 v - a potion of magic {unknown}
 A - a potion of curing {unknown}
Comestibles
 c - 2 bread rations
 m - a slice of pizza
 r - 2 meat rations
 u - a beef jerky


   Skills:
 + Level 7.1 Fighting
 + Level 10.1 Axes
 - Level 2.4 Armour
 - Level 2.1 Dodging
 + Level 6.1 Shields


You had 7 spell levels left.
You didn't know any spells.

Dungeon Overview and Level Annotations

Branches:
Dungeon (5/15)             Temple (1/1) D:4

Altars:
Ashenzari
Cheibriados
Dithmenos
Elyvilon
Fedhas
Hepliaklqana
Kikubaaqudgha
Makhleb
Okawaru
Qazlal
Ru
Sif Muna
Trog
Uskayaw
Vehumet
Xom
Yredelemnul


Innate Abilities, Weirdness & Mutations

You reflexively headbutt those who attack you in melee.
You have a pair of horns on your head.


Message History

You miss the adder. You headbutt the adder.
You kill the adder!
Trog accepts your kill.
* * * LOW HITPOINT WARNING * * *
You feel sick.
* * * LOW HITPOINT WARNING * * *
You feel sick.
Found a coppery potion.
Items here: )) [ ††††
There is a lethal amount of poison in your body!
You feel a strong urge to attack something.
You are no longer berserk.
You are exhausted.
You feel yourself slow down.
* * * LOW HITPOINT WARNING * * *
You feel sick.
Your skin crawls.
You feel resistant to hostile enchantments.
You feel somewhat more hungry.
You die...

#..##.#.##...
......#.##...
.............
#.<..#.##...
#.####.##...
#......##...
#.#####......#
#.#######.......#...##
#>...@................
......##.##########.....
!.... #.#....# #.......
.... #.#.##.# #.#.....
... #.#.##.# #.#..... ..
#...##.###.#....< .
######.....#.....
#######..... #.....


There were no monsters in sight!

Vanquished Creatures
  Pikel (D:4)
  Sigmund (D:5)
  Eustachio (D:4)
  Duvessa (D:5)
  An ogre (D:4)
  Dowan (D:5)
  A howler monkey (D:4)
  A bullfrog zombie (D:5)
  4 hounds
  An orc priest (D:4)
  A centaur skeleton (D:4)
  2 orc wizards (D:4)
  Terence (D:3)
  3 worker ants (D:4)
  An iguana (D:4)
  A gnoll (D:1)
  4 adders
  2 oozes
  2 worms
  3 dart slugs
  3 leopard geckos
  8 orcs
  5 bats
  6 giant cockroaches
  9 hobgoblins
  4 quokkas
  2 ball pythons (D:2)
  4 frilled lizards
  13 goblins
  A jackal skeleton (D:4)
  10 kobolds
  A quokka skeleton (D:5)
  7 rats
106 creatures vanquished.

Vanquished Creatures (others)
  A bullfrog zombie (D:5)
1 creature vanquished.

Grand Total: 107 creatures vanquished

Notes
Turn   | Place    | Note
-------+----------+-------------------------------------------
     0 | D:1      | Mysteryquy the Minotaur Berserker began the quest for the Orb.
     0 | D:1      | Reached XP level 1. HP: 19/19 MP: 0/0
    28 | D:1      | Reached skill level 4 in Axes
    28 | D:1      | Reached XP level 2. HP: 3/27 MP: 1/1
   553 | D:1      | Reached XP level 3. HP: 26/34 MP: 2/2
   895 | D:1      | Reached ** piety under Trog
  1162 | D:2      | Reached XP level 4. HP: 41/41 MP: 3/3
  1179 | D:2      | Reached skill level 5 in Fighting
  1202 | D:2      | Found an iron altar of Okawaru.
  1506 | D:2      | Reached skill level 5 in Axes
  1990 | D:3      | Noticed Terence
  1999 | D:3      | Killed Terence
  1999 | D:3      | Reached XP level 5. HP: 40/48 MP: 4/4
  2123 | D:3      | Reached *** piety under Trog
  2204 | D:3      | Found a basalt altar of Yredelemnul.
  2260 | D:3      | Found a white marble altar of Elyvilon.
  2406 | D:4      | Reached skill level 6 in Axes
  2537 | D:4      | Found a staircase to the Ecumenical Temple.
  2550 | Temple   | Entered the Ecumenical Temple
  2792 | D:4      | Reached XP level 6. HP: 52/56 MP: 5/5
  2897 | D:4      | Reached skill level 7 in Axes
  2897 | D:4      | Reached skill level 1 in Shields
  2992 | D:4      | Found a burning altar of Makhleb.
  3077 | D:4      | Noticed Eustachio
  3092 | D:4      | Killed Eustachio
  3092 | D:4      | Reached XP level 7. HP: 21/63 MP: 6/6
  3108 | D:4      | HP: 3/63 [poisoned by Eustachio]
  3113 | D:4      | HP: 2/63 [poisoned by Eustachio]
  3121 | D:4      | HP: 2/63 [poisoned by Eustachio]
  3552 | D:4      | Reached skill level 8 in Axes
  4060 | D:5      | Entered Level 5 of the Dungeon
  4063 | D:5      | Noticed Pikel
  4087 | D:4      | Killed Pikel
  4087 | D:4      | Reached skill level 9 in Axes
  4087 | D:4      | Reached XP level 8. HP: 29/71 MP: 7/7
  4341 | D:5      | Reached skill level 5 in Shields
  4348 | D:5      | Noticed Sigmund
  4360 | D:5      | Killed Sigmund
  4458 | D:5      | Noticed Dowan
  4461 | D:5      | Noticed Duvessa
  4469 | D:5      | Killed Dowan
  4482 | D:5      | Killed Duvessa
  4482 | D:5      | Reached skill level 10 in Axes
  4489 | D:5      | HP: 5/109 [poisoned by Duvessa]
  4491 | D:5      | HP: 1/73 [poisoned by Duvessa]
  4492 | D:5      | Succumbed to Duvessa's poison

Skill      XL: |  1  2  3  4  5  6  7  8 |
---------------+-------------------------+-----
Fighting       | 4 5 6 7 |  7.1
Axes           | 4 5 6 7 9 10 | 10.1
Shields        | 2 4 6 |  6.1
Armour         | |  2.4
Dodging        | |  2.1

Action                   |  1- 3 |  4- 6 |  7- 9 || total
-------------------------+-------+-------+-------++-------
Melee: Hand axe          |    80 |   146 |   126 ||   352
       Headbutt          |    13 |    23 |    22 ||    58
Invok: Berserk           |       |     1 |     2 ||     3
       Trog's Hand       |       |       |     2 ||     2
  Eat: Chunk             |     1 |     6 |     4 ||    11
       Bread ration      |       |       |     1 ||     1
Armor: Animal skin       |    17 |     6 |       ||    23
       Scale mail        |       |    22 |    35 ||    57
Dodge: Dodged            |    62 |    55 |    13 ||   130
Block: Large shield      |       |    48 |    63 ||   111
